 Dungeon Crawl Stone Soup version 0.19-a0-1886-gd64a0f0 (webtiles) character file.

210 Amnesiac the Gusty (level 5, -3/28 HPs)
             Began as a Tengu Air Elementalist on Oct 15, 2016.
             Engulfed by a cloud of flame (10 damage)
             ... on level 4 of the Dungeon.
             The game lasted 00:05:37 (2780 turns).

Amnesiac the Gusty (Tengu Air Elementalist)         Turns: 2780, Time: 00:05:38

Health: -3/28      AC:  9    Str:  6 (9)  XL:     5   Next: 87%
Magic:  2/9        EV: 22    Int: 15 (16) God:
Gold:   177        SH:  6    Dex: 16 (19) Spells: 4 memorised, 1 level left

rFire  + . .     SeeInvis .     s - +0 flail (protect)
rCold  + . .     Gourm    .     d - +0 robe {MR+}
rNeg   . . .     Faith    .     f - +1 buckler
rPois  +         Spirit   .     (helmet restricted)
rElec  +         Dismiss  .     (no cloak)
rCorr  +         Reflect  .     (no gloves)
MR     +....     Harm     .     (boots unavailable)
Stlth  +++.......               (no amulet)
                                (no ring)
                                t - ring of wizardry

@: agile, resistant, protection aura, flying quickly and evasively, repel
missiles, quick
A: beak, talons 3, able to fly 1
a: no special abilities


You were on level 4 of the Dungeon.
You were not hungry.

You visited 1 branch of the dungeon, and saw 4 of its levels.

You collected 177 gold pieces.

Inventory:

Hand Weapons
 n - a +0 long sword
 s - a +0 flail of protection (weapon)
Armour
 d - a +0 robe of magic resistance (worn)
 f - a +1 buckler (worn)
Jewellery
 t - a ring of wizardry (left hand)
Wands
 l - a wand of slowing (27/48)
Scrolls
 i - 3 scrolls of remove curse
 m - a scroll of identify
Potions
 j - a potion of resistance
 q - a potion of cancellation
Books
 b - a book of Air

   Spells                             Type                      Level
   a - Shock                          Conjuration/Air              1
   b - Swiftness                      Charms/Air                   2
   c - Repel Missiles                 Charms/Air                   2
   d - Static Discharge               Conjuration/Air              3
   e - Lightning Bolt                 Conjuration/Air              5
Comestibles
 c - 2 bread rations
 h - 2 meat rations
 r - a royal jelly


   Skills:
 + Level 2.8 Dodging
 - Level 2.0 Stealth
 - Level 4.0 Shields
 - Level 2.5 Spellcasting
 - Level 2.0 Conjurations
 - Level 5.0 Air Magic


You had one spell level left.
You knew the following spells:

 Your Spells              Type           Power        Failure   Level  Hunger
a - Repel Missiles        Chrm/Air       #.....       4%          2    ###....
c - Static Discharge      Conj/Air       ##......     7%          3    ###....
w - Swiftness             Chrm/Air       #.......     4%          2    ###....
z - Shock                 Conj/Air       ##..         2%          1    #......


Dungeon Overview and Level Annotations

Branches:
Dungeon (4/15)
 Temple: D:4-7

Altars:
Qazlal
The Shining One


Innate Abilities, Weirdness & Mutations

You have a beak for a mouth.
You have claws for feet.
You can fly.


Message History

As you read the scroll labeled HICEOBLI UJAUSM, it crumbles to dust.
The creatures around you are filled with an inner flame!
It was a scroll of immolation.
The jackal closely misses you. The ogre barely misses you.
The jackal completely misses you.
Okay, then.
You hit the jackal.
Your weapon exudes an aura of protection.
The jackal is severely wounded.
You block the jackal's attack. The ogre closely misses you.
You block the jackal's attack.
You hit the jackal.
The jackal explodes!
The fiery explosion engulfs you! You resist.
* * * LOW HITPOINT WARNING * * *
The fiery explosion engulfs the jackal.
The jackal explodes!
The fiery explosion engulfs the orc.
The orc explodes!
You are engulfed in roaring flames.
You resist.
You die...

##...h......#### #...#
##...#####......#####
##..# #...##
##.........# #.##
#...### #.........#
#.#
##....#####..########
#.# #.......##..#
##.## #######..##h##
#######.... ##.###O##
##.......... # #.#
##@## #........... ##
#.# ##§####.######....
.# #.# ##§##...##
#.... # ##### ##O##
#§§....<# .....
#...####...#
#.§.###.........
###........##...##..##
#........ ##........##
###....# ........
.........## #....#
#... .####...## #.#..#
#..


You could see an ogre (inner flame) and a howler monkey (inner flame).

Vanquished Creatures
  An ogre (D:4)
  A bullfrog skeleton (D:4)
  An iguana (D:3)
  A howler monkey skeleton (D:4)
  An adder (D:4)
  A worm (D:3)
  A leopard gecko (D:4)
  5 orcs
  5 giant cockroaches
  5 goblins
  4 hobgoblins
  4 jackals (D:4)
  A quokka (D:3)
  A ball python (D:2)
  6 bats
  4 frilled lizards
  2 kobolds (D:1)
  2 rats
46 creatures vanquished.

Notes
Turn   | Place    | Note
-------+----------+-------------------------------------------
     0 | D:1      | Amnesiac the Tengu Air Elementalist began the quest for the Orb.
     0 | D:1      | Reached XP level 1. HP: 10/10 MP: 4/4
   205 | D:1      | Reached XP level 2. HP: 15/15 MP: 0/6
   209 | D:1      | Learned a level 2 spell: Swiftness
   931 | D:2      | Found a faded altar of an unknown god.
   931 | D:2      | Found a glowing golden altar of the Shining One.
   936 | D:2      | Found a faded altar of an unknown god.
   938 | D:2      | Found a faded altar of an unknown god.
   939 | D:2      | Found a stormy altar of Qazlal.
  1175 | D:3      | Reached XP level 3. HP: 13/19 MP: 0/7
  1180 | D:3      | Learned a level 3 spell: Static Discharge
  1304 | D:3      | Found a faded altar of an unknown god.
  1557 | D:3      | Reached skill level 5 in Air Magic
  1597 | D:3      | Reached skill level 1 in Shields
  1597 | D:3      | Reached XP level 4. HP: 11/24 MP: 0/8
  1841 | D:3      | Learned a level 2 spell: Repel Missiles
  2065 | D:4      | Noticed an ogre
  2075 | D:4      | Killed an ogre
  2075 | D:4      | Gained mutation: You can fly. [Tengu growth]
  2075 | D:4      | Reached XP level 5. HP: 28/28 MP: 4/9
  2723 | D:4      | Noticed an ogre
  2772 | D:4      | HP: 1/28 [ogre/giant spiked club (11)]
  2780 | D:4      | Engulfed by a cloud of flame

Vault maps used:
D:1:      nicolae_arrival_memento_mori
D:2:      chequers_temple_overflow_minitemple, first_bread,
          okawaru_altar_gauntlet_db
D:3:      lemuel_coloured_pillars_altar, ecumenical_altar_2, uniq_sigmund

Skill      XL: |  1  2  3  4  5 |
---------------+----------------+-----
Conjurations   | 2 |  2.0
Air Magic      | 5 |  5.0
Shields        | 1 3 4 |  4.0
Dodging        | |  2.8
Stealth        | |  2.0
Spellcasting   | |  2.5

Action                   |  1- 3 |  4- 6 || total
-------------------------+-------+-------++-------
Melee: Unarmed           |     9 |       ||     9
       Kick              |     5 |       ||     5
       Peck              |     3 |       ||     3
       Flail             |       |     2 ||     2
 Cast: Shock             |    65 |    40 ||   105
       Repel Missiles    |       |     1 ||     1
       Static Discharge  |       |     3 ||     3
  Use: Potion            |       |     5 ||     5
       Scroll            |       |     4 ||     4
  Eat: Chunk             |     3 |     4 ||     7
Armor: Robe              |     4 |     3 ||     7
Dodge: Dodged            |    17 |    19 ||    36
Block: Buckler           |       |     7 ||     7
